 Dungeon Crawl Stone Soup version 0.21.1-1-g345015fe64 (webtiles) character file.

17247 Nattfarinn the Covert (level 12, -8/91 HPs)
             Began as a Gnoll Enchanter on May 7, 2018.
             Was an Elder of Cheibriados.
             Mangled by a sixfirhy (10 damage)
             ... summoned by an orc sorcerer
             ... on level 1 of the Orcish Mines.
             The game lasted 00:58:19 (18089 turns).

Nattfarinn the Covert (Gnoll Enchanter)            Turns: 18089, Time: 00:58:19

Health: -8/91      AC:  4    Str: 20    XL:     12   Next: 46%
Magic:  21/33      EV: 21    Int: 27    God:    Cheibriados [****..]
Gold:   900        SH: 10    Dex: 29    Spells: 19/28 levels left

rFire    + . .     SeeInvis +   I - +9 rapier of the Exiled Yaks {pierce, MP+9}
rCold    + . .     Gourm    .   p - +2 buckler
rNeg     . . .     Faith    .   t - +2 robe {MR+}
rPois    +         Spirit   .   v - +0 hat
rElec    .         Reflect  .   R - scarf {rC+ rF+}
rCorr    .         Harm     .   (no gloves)
MR       +....                  (no boots)
Stlth    +++++.....             (no amulet)
HPRegen  0.25/turn              C - ring of poison resistance
MPRegen  0.23/turn              k - ring of see invisible

@: drained, very slow
A: distributed training, fangs 1, strong nose
a: Bend Time, Temporal Distortion, Slouch, Renounce Religion


You were on level 1 of the Orcish Mines.
You worshipped Cheibriados.
Cheibriados was greatly pleased with you.
You were not hungry.

You visited 3 branches of the dungeon, and saw 16 of its levels.

You collected 900 gold pieces.

Inventory:

Hand Weapons
 I - the +9 rapier of the Exiled Yaks (weapon) {pierce, MP+9}
   (You found it on level 8 of the Dungeon)

   It inflicts extra damage upon your enemies.
   It affects your magic capacity (+9).
Armour
 p - a +2 buckler (worn)
 t - a +2 robe of magic resistance (worn)
 v - a +0 hat (worn)
 R - a scarf of resistance (worn)
Jewellery
 f - an uncursed ring of stealth
 i - an uncursed amulet of harm {unknown}
 k - a ring of see invisible (right hand)
 n - an uncursed ring of positive energy
 y - a +3 ring of slaying {unknown}
 C - a ring of poison resistance (left hand)
 J - an uncursed ring of flight
 P - an uncursed ring of protection from magic
 Q - an uncursed ring of wizardry
 S - an uncursed ring of protection from magic
Wands
 g - a wand of polymorph (13)
 G - a wand of flame (18)
 M - a wand of digging (10)
Scrolls
 b - a scroll of summoning {unknown}
 j - 4 scrolls of immolation
 r - a scroll of fear
 u - 6 scrolls of teleportation
 w - 3 scrolls of remove curse
 x - a scroll of magic mapping
 z - a scroll of fog {unknown}
 L - 3 scrolls of enchant weapon
 N - a scroll of silence
Potions
 e - a potion of cancellation {unknown}
 h - 5 potions of curing
 l - 2 potions of agility {unknown}
 m - 2 potions of berserk rage {unknown}
 o - 3 potions of lignification {unknown}
 q - a potion of resistance {unknown}
 A - 4 potions of flight
 B - a potion of invisibility {unknown}
 H - 2 potions of degeneration {unknown}
 O - a potion of might {unknown}
Books
 a - a book of Necromancy

   Spells                             Type                      Level
   a - Pain                           Necromancy                   1
   b - Animate Skeleton               Necromancy                   1
   c - Vampiric Draining              Necromancy                   3
   d - Regeneration                   Charms/Necromancy            3
   e - Animate Dead                   Necromancy                   4
   f - Borgnjor's Vile Clutch         Necromancy/Earth             5
 c - a book of Maledictions

   Spells                             Type                      Level
   a - Corona                         Hexes                        1
   b - Ensorcelled Hibernation        Hexes/Ice                    2
   c - Confuse                        Hexes                        3
   d - Tukima's Dance                 Hexes                        3
   e - Dazzling Spray                 Conjuration/Hexes            3
 s - a book of Cantrips

   Spells                             Type                      Level
   a - Confusing Touch                Hexes                        1
   b - Animate Skeleton               Necromancy                   1
   c - Summon Small Mammal            Summoning                    1
   d - Apportation                    Translocation                1
 E - a book of Misfortune

   Spells                             Type                      Level
   a - Confusing Touch                Hexes                        1
   b - Confuse                        Hexes                        3
   c - Gell's Gravitas                Translocation                3
   d - Petrify                        Transmutation/Earth          4
   e - Metabolic Englaciation         Hexes/Ice                    5
   f - Yara's Violent Unravelling     Hexes/Transmutation          5
 K - a book of Clouds

   Spells                             Type                      Level
   a - Poisonous Vapours              Poison/Air                   2
   b - Mephitic Cloud                 Conjuration/Poison/Air       3
   c - Conjure Flame                  Conjuration/Fire             3
   d - Freezing Cloud                 Conjuration/Ice/Air          6
   e - Ring of Flames                 Charms/Fire                  7
Comestibles
 d - 21 rations


   Skills:
 + Level 7.2(6.6) Fighting
 + Level 7.7(7.1) Short Blades
 + Level 7.2(6.6) Long Blades
 + Level 7.2(6.6) Axes
 + Level 7.2(6.6) Maces & Flails
 + Level 7.2(6.6) Polearms
 + Level 7.2(6.6) Staves
 + Level 7.2(6.6) Slings
 + Level 7.2(6.6) Bows
 + Level 7.2(6.6) Crossbows
 + Level 7.2(6.6) Throwing
 + Level 7.2(6.6) Armour
 + Level 8.6(8.0) Dodging
 + Level 9.4(8.8) Stealth
 + Level 7.2(6.6) Shields
 + Level 7.2(6.6) Unarmed Combat
 + Level 8.8(8.2) Spellcasting
 + Level 6.0(5.4) Conjurations
 + Level 8.2(7.6) Hexes
 + Level 6.0(5.4) Charms
 + Level 6.0(5.4) Summonings
 + Level 6.0(5.4) Necromancy
 + Level 6.0(5.4) Translocations
 + Level 6.0(5.4) Transmutations
 + Level 6.0(5.4) Fire Magic
 + Level 6.0(5.4) Ice Magic
 + Level 6.0(5.4) Air Magic
 + Level 6.0(5.4) Earth Magic
 + Level 6.0(5.4) Poison Magic
 + Level 7.9(7.3) Invocations
 + Level 7.2(6.6) Evocations


You had 19 spell levels left.
You knew the following spells:

 Your Spells              Type           Power        Failure   Level  Hunger
a - Corona                Hex            ######.      1%          1    None
b - Ensorcelled Hibernat  Hex/Ice        #####.       1%          2    None
c - Confuse               Hex            ######..     1%          3    None
d - Tukima's Dance        Hex            ######..     1%          3    None


Dungeon Overview and Level Annotations

Branches:
Dungeon (14/15)            Temple (1/1) D:6            Lair (0/6) D:10
    Orc (1/2) D:9
 Vaults: D:13-14

Altars:
Ashenzari
Cheibriados
Dithmenos
Elyvilon
Fedhas
Gozag
Hepliaklqana
Kikubaaqudgha
Makhleb
Nemelex Xobeh
Okawaru
Qazlal
Ru
Sif Muna
Trog
Uskayaw
Vehumet
Wu Jian
Xom
Yredelemnul
Zin
The Shining One

Shops:
D:13 }!


Innate Abilities, Weirdness & Mutations

Your experience applies equally to all skills.
You have very sharp teeth.
Your uncanny sense of smell can sniff out nearby items.


Message History

You spit the orc like a pig!!!!
You kill the orc!
Cheibriados appreciates the change of pace.
Casting: Ensorcelled Hibernation
Confirm with . or Enter, or press ? or * to list all spells.
Aiming: Tukima's Dance
Press: ? - help, Shift-Dir - straight line, f - orc
Aim: an orc, wielding a trident (chance to defeat MR: 91%)
The trident dances into the air!
You block the sixfirhy's attack. The sixfirhy hits you.
The sixfirhy shocks you!
* * * LOW HITPOINT WARNING * * *
The orc sorcerer gestures at you while chanting.
You resist with almost no effort. The sixfirhy hits you.
* * * LOW HITPOINT WARNING * * *
The sixfirhy shocks you!
* * * LOW HITPOINT WARNING * * *
You feel better. The sixfirhy hits you!
* * * LOW HITPOINT WARNING * * *
The sixfirhy shocks you!
You die...

...#..............##..# ..
#.................#...#
.)###....................#
....#............#.......#
................####....##
......#........####.##.##
#..>.(o.....###.......#
..###...)o3...##.......##
.........)@..##.....#.##
.........#..........###
........)###.......##
.......... ##..(..##
.........## ##.....##
.......... #......#
...#.#.... ##..#.##
......#...# ######
........#


You could see a sixfirhy, an orc sorcerer, an orc and a friendly trident.

Vanquished Creatures
  The ghost of dracomuter the Basher, a journeyman TrCK of Xom (D:12)
  A vault guard (D:13)
  A centaur warrior (D:13)
  A two-headed ogre (D:9)
  The ghost of frocskos the Cleaver, a novice MiFi of Makhleb (D:8)
  A wizard (D:11)
  3 ugly things
  A cyclops (D:13)
  Psyche (D:11)
  2 gargoyles
  2 trolls (D:10)
  Prince Ribbit (D:6)
  A hippogriff (D:7)
  The ghost of Dracia the Cudgeler, an amateur GrFi (D:4)
  Sigmund (D:6)
  A shadow (D:13)
  A redback (D:14)
  9 yaks
  2 wyverns
  Grum (D:11)
  A steam dragon (D:12)
  A hungry ghost (D:8)
  Edmund (D:6)
  9 orc warriors
  4 necrophages
  3 black bears
  5 phantoms
  4 ice beasts
  4 wolves (D:11)
  6 ogres
  4 centaurs
  A crocodile (D:11)
  A big kobold (D:13)
  3 bullfrogs
  2 wyvern zombies
  A water moccasin skeleton (D:4)
  2 scorpions (D:5)
  5 killer bees (D:7)
  4 wights
  A howler monkey (D:8)
  4 crimson imps
  A centaur zombie (D:8)
  2 quasits
  A bullfrog zombie (D:5)
  11 hounds
  6 jellies
  A gnoll shaman (D:5)
  12 orc priests
  4 centaur skeletons
  3 worker ants
  3 iguanas
  12 orc wizards
  A killer bee zombie (D:7)
  2 hound skeletons
  A mummy (D:9)
  A worker ant zombie (D:5)
  16 gnolls
  14 adders
  4 shadow imps
  2 oozes
  An adder skeleton (D:4)
  4 worms
  7 dart slugs
  11 leopard geckos
  65 orcs
  8 bats
  5 giant cockroaches
  12 goblins
  11 hobgoblins
  23 jackals
  9 kobolds
  7 quokkas
  2 ball pythons
  6 frilled lizards
  A quokka skeleton (D:5)
  5 rats
373 creatures vanquished.

Vanquished Creatures (collateral kills)
  2 orc warriors
  An ogre (D:10)
  2 wights (D:9)
  A crimson imp (D:9)
  4 gnolls
  9 orcs
19 creatures vanquished.

Vanquished Creatures (others)
  15 dancing weapons
  2 orcs
  2 plants (D:10)
19 creatures vanquished.

Grand Total: 411 creatures vanquished

Notes
Turn   | Place    | Note
-------+----------+-------------------------------------------
     0 | D:1      | Nattfarinn the Gnoll Enchanter began the quest for the Orb.
     0 | D:1      | Reached XP level 1. HP: 13/13 MP: 6/6
    98 | D:1      | Reached XP level 2. HP: 14/19 MP: 7/7
   307 | D:1      | Reached XP level 3. HP: 22/25 MP: 9/9
   312 | D:1      | Learned a level 2 spell: Ensorcelled Hibernation
   316 | D:1      | Learned a level 3 spell: Confuse
   353 | D:1      | Learned a level 3 spell: Tukima's Dance
   519 | D:1      | Reached skill level 5 in Spellcasting
   986 | D:1      | Reached skill level 6 in Stealth
  1093 | D:2      | Reached skill level 1 in Invocations
  1159 | D:2      | Reached skill level 1 in Fighting
  1159 | D:2      | Reached skill level 1 in Long Blades
  1159 | D:2      | Reached skill level 1 in Axes
  1159 | D:2      | Reached skill level 1 in Maces & Flails
  1159 | D:2      | Reached skill level 1 in Polearms
  1159 | D:2      | Reached skill level 1 in Staves
  1159 | D:2      | Reached skill level 1 in Slings
  1159 | D:2      | Reached skill level 1 in Bows
  1159 | D:2      | Reached skill level 1 in Crossbows
  1159 | D:2      | Reached skill level 1 in Throwing
  1159 | D:2      | Reached skill level 1 in Armour
  1159 | D:2      | Reached skill level 1 in Shields
  1159 | D:2      | Reached skill level 1 in Unarmed Combat
  1159 | D:2      | Reached skill level 1 in Evocations
  1445 | D:2      | Reached XP level 4. HP: 22/32 MP: 11/11
  2504 | D:3      | Reached skill level 1 in Conjurations
  2504 | D:3      | Reached skill level 1 in Charms
  2504 | D:3      | Reached skill level 1 in Summonings
  2504 | D:3      | Reached skill level 1 in Necromancy
  2504 | D:3      | Reached skill level 1 in Translocations
  2504 | D:3      | Reached skill level 1 in Transmutations
  2504 | D:3      | Reached skill level 1 in Fire Magic
  2504 | D:3      | Reached skill level 1 in Ice Magic
  2504 | D:3      | Reached skill level 1 in Air Magic
  2504 | D:3      | Reached skill level 1 in Earth Magic
  2504 | D:3      | Reached skill level 1 in Poison Magic
  2641 | D:3      | Found a stormy altar of Qazlal.
  2799 | D:3      | Reached XP level 5. HP: 36/37 MP: 12/12
  3493 | D:3      | Found a burning altar of Makhleb.
  3977 | D:4      | Noticed Dracia's ghost (amateur GrFi)
  3995 | D:4      | Killed Dracia's ghost
  3995 | D:4      | Reached skill level 5 in Dodging
  3995 | D:4      | Reached XP level 6. HP: 44/44 MP: 11/14
  4089 | D:4      | Found a shadowy altar of Dithmenos.
  4126 | D:4      | Reached XP level 7. HP: 11/50 MP: 6/15
  4835 | D:4      | Found a blossoming altar of Fedhas.
  5003 | D:5      | Entered Level 5 of the Dungeon
  5256 | D:5      | Found an ornate altar of the Wu Jian Council.
  5391 | D:5      | Found a white marble altar of Elyvilon.
  5593 | D:5      | Reached XP level 8. HP: 57/57 MP: 16/16
  6095 | D:6      | Noticed Sigmund
  6131 | D:6      | Killed Sigmund
  6249 | D:6      | Found a staircase to the Ecumenical Temple.
  6255 | D:6      | Noticed Prince Ribbit
  6650 | D:6      | Killed Prince Ribbit
  6650 | D:6      | Reached skill level 7 in Stealth
  6941 | D:6      | Noticed Edmund
  6961 | D:6      | Killed Edmund
  6990 | Temple   | Entered the Ecumenical Temple
  7673 | D:6      | Reached XP level 9. HP: 56/65 MP: 7/18
  7854 | D:7      | Found a radiant altar of Vehumet.
  8766 | D:7      | Reached skill level 5 in Short Blades
  9463 | D:8      | Reached skill level 5 in Invocations
  9511 | D:8      | Noticed frocskos's ghost (novice MiFi)
  9554 | D:8      | Killed frocskos's ghost
  9554 | D:8      | Reached XP level 10. HP: 52/73 MP: 8/20
 10023 | D:8      | Reached skill level 5 in Fighting
 10023 | D:8      | Reached skill level 5 in Long Blades
 10023 | D:8      | Reached skill level 5 in Axes
 10023 | D:8      | Reached skill level 5 in Maces & Flails
 10023 | D:8      | Reached skill level 5 in Polearms
 10023 | D:8      | Reached skill level 5 in Staves
 10023 | D:8      | Reached skill level 5 in Slings
 10023 | D:8      | Reached skill level 5 in Bows
 10023 | D:8      | Reached skill level 5 in Crossbows
 10023 | D:8      | Reached skill level 5 in Throwing
 10023 | D:8      | Reached skill level 5 in Armour
 10023 | D:8      | Reached skill level 5 in Shields
 10023 | D:8      | Reached skill level 5 in Unarmed Combat
 10023 | D:8      | Reached skill level 5 in Evocations
 10253 | D:8      | Got a shimmering rapier
 10254 | D:8      | Identified the +9 rapier of the Exiled Yaks {pierce, MP+9} (You found it on level 8 of the Dungeon)
 10529 | D:9      | Reached skill level 8 in Stealth
 11019 | D:9      | Noticed a two-headed ogre
 11410 | D:9      | Killed a two-headed ogre
 11906 | D:9      | Found a staircase to the Orcish Mines.
 12145 | D:9      | Found a snail-covered altar of Cheibriados.
 12156 | D:9      | Became a worshipper of Cheibriados the Contemplative
 12470 | D:10     | Entered Level 10 of the Dungeon
 12542 | D:10     | Reached * piety under Cheibriados
 12908 | D:10     | Reached XP level 11. HP: 80/80 MP: 22/22
 12975 | D:10     | Found a staircase to the Lair.
 13299 | D:11     | Noticed a wizard
 13308 | D:11     | Killed a wizard
 13569 | D:11     | Reached skill level 5 in Conjurations
 13569 | D:11     | Reached skill level 5 in Charms
 13569 | D:11     | Reached skill level 5 in Summonings
 13569 | D:11     | Reached skill level 5 in Necromancy
 13569 | D:11     | Reached skill level 5 in Translocations
 13569 | D:11     | Reached skill level 5 in Transmutations
 13569 | D:11     | Reached skill level 5 in Fire Magic
 13569 | D:11     | Reached skill level 5 in Ice Magic
 13569 | D:11     | Reached skill level 5 in Air Magic
 13569 | D:11     | Reached skill level 5 in Earth Magic
 13569 | D:11     | Reached skill level 5 in Poison Magic
 13723 | D:11     | Noticed a green ugly thing
 13754 | D:11     | Killed a green ugly thing
 14076 | D:11     | Noticed Psyche
 14086 | D:11     | Killed Psyche
 14162 | D:11     | Reached ** piety under Cheibriados
 14836 | D:11     | Noticed a white ugly thing
 14839 | D:11     | Killed a white ugly thing
 14881 | D:11     | Noticed Grum
 14901 | D:11     | Killed Grum
 15520 | D:12     | Reached *** piety under Cheibriados
 15607 | D:12     | Noticed dracomuter's ghost (journeyman TrCK)
 15631 | D:12     | Killed dracomuter's ghost
 15631 | D:12     | Reached skill level 9 in Stealth
 16025 | D:12     | You fall through a shaft!
 16042 | D:13     | Reached XP level 12. HP: 66/89 MP: 24/24
 16493 | D:13     | Reached **** piety under Cheibriados
 16525 | D:13     | Found Tuymn's Distillery.
 16854 | D:13     | Noticed a centaur warrior
 17004 | D:13     | Found Kuejeqee's Gadget Shop.
 17032 | D:13     | Killed a centaur warrior
 17602 | D:14     | Noticed a vault guard
 17603 | D:14     | Noticed a vault guard
 17604 | D:14     | Noticed a vault guard
 17605 | D:14     | Noticed a vault guard
 17606 | D:14     | Noticed a centaur warrior
 17629 | D:13     | Killed a vault guard
 18025 | Orc:1    | Entered Level 1 of the Orcish Mines
 18089 | Orc:1    | HP: 2/91 [sixfirhy[an orc sorcerer] (8)]
 18089 | Orc:1    | Mangled by a sixfirhy

Skill      XL: |  1  2  3  4  5  6  7  8  9 10 11 12 |
---------------+-------------------------------------+-----
Spellcasting   | 5 6 7 8 |  8.8
Stealth        | 6 7 8 9 |  9.4
Invocations    | 1 2 3 4 5 6 7 |  7.9
Fighting       | 1 2 3 4 5 6 7 |  7.2
Long Blades    | 1 2 3 4 5 6 7 |  7.2
Axes           | 1 2 3 4 5 6 7 |  7.2
Maces & Flails | 1 2 3 4 5 6 7 |  7.2
Polearms       | 1 2 3 4 5 6 7 |  7.2
Staves         | 1 2 3 4 5 6 7 |  7.2
Slings         | 1 2 3 4 5 6 7 |  7.2
Bows           | 1 2 3 4 5 6 7 |  7.2
Crossbows      | 1 2 3 4 5 6 7 |  7.2
Throwing       | 1 2 3 4 5 6 7 |  7.2
Armour         | 1 2 3 4 5 6 7 |  7.2
Shields        | 1 2 3 4 5 6 7 |  7.2
Unarmed Combat | 1 2 3 4 5 6 7 |  7.2
Evocations     | 1 2 3 4 5 6 7 |  7.2
Conjurations   | 1 2 3 4 5 6 |  6.0
Charms         | 1 2 3 4 5 6 |  6.0
Summonings     | 1 2 3 4 5 6 |  6.0
Necromancy     | 1 2 3 4 5 6 |  6.0
Translocations | 1 2 3 4 5 6 |  6.0
Transmutations | 1 2 3 4 5 6 |  6.0
Fire Magic     | 1 2 3 4 5 6 |  6.0
Ice Magic      | 1 2 3 4 5 6 |  6.0
Air Magic      | 1 2 3 4 5 6 |  6.0
Earth Magic    | 1 2 3 4 5 6 |  6.0
Poison Magic   | 1 2 3 4 5 6 |  6.0
Short Blades   | 3 4 5 6 7 |  7.7
Dodging        | 5 6 7 8 |  8.6
Hexes          | 6 7 8 |  8.2

Action                   |  1- 3 |  4- 6 |  7- 9 | 10-12 || total
-------------------------+-------+-------+-------+-------++-------
Melee: Dagger            |    92 |   204 |   433 |    73 ||   802
       Bite              |     8 |    17 |    52 |    59 ||   136
       Punch             |     1 |       |       |       ||     1
       Rapier            |       |       |       |   412 ||   412
 Cast: Ensorcelled Hiber |     2 |     8 |    62 |    80 ||   152
       Confuse           |       |     3 |    17 |    43 ||    63
       Tukima's Dance    |       |       |    23 |    59 ||    82
  Use: Scroll            |       |     6 |     3 |    13 ||    22
       Potion            |       |     1 |     6 |     5 ||    12
 Stab: Sleeping          |    12 |    14 |    44 |    72 ||   142
       Distracted        |     1 |       |     6 |     1 ||     8
       Confused          |       |     4 |    10 |    24 ||    38
  Eat: Chunk             |     1 |     9 |    16 |    14 ||    40
       Ration            |       |       |     1 |     2 ||     3
Armor: Robe              |     8 |    14 |    18 |    27 ||    67
Dodge: Dodged            |    53 |   124 |   247 |   327 ||   751
Block: Buckler           |       |    27 |   105 |   191 ||   323
